 Dungeon Sprint DCSS version 0.31-a0-879-g1609e0ac53 (webtiles) character file.

Game seed: 9953193919680337410

655 sircluck the Fighter (level 7, -2/87 HPs)
             Began as an Ogre Gladiator on Oct 14, 2023.
             Was a High Priest of Qazlal.
             Slain by a wight
             ... wielding a +2 halberd
              (7 damage)
             ... in the Dungeon (Sprint VII: "The Pits").
             The game lasted 00:02:31 (969 turns).

sircluck the Fighter (Ogre Gladiator)                Turns: 969, Time: 00:02:32

Health: -2/87      AC:  3    Str: 21    XL:     7   Next: 54%
Magic:  7/7        EV: 12    Int:  9    God:    Qazlal [*****.]
Gold:   0          SH:  6    Dex: 10    Spells: 6/6 levels left

rFire   . . .        l - +2 trident
rCold   . . .        (no shield)
rNeg    . . .        b - +0 robe
rPois   .            c - +0 hat
rElec   .            (no cloak)
rCorr   .            (gloves unavailable)
SInv    .            (boots unavailable)
Will    .....        (no amulet)
Stlth   +            (no ring)
HPRegen 0.34/turn    (no ring)
MPRegen 0.10/turn

%: no teleportation, repel missiles
@: no status effects
A: large, unfitting armour, tough skin 1
a: Renounce Religion, Upheaval, Elemental Force, Disaster Area


You were in the Dungeon.
You worshipped Qazlal.
Qazlal was extremely pleased with you.
You visited 1 branch

Inventory:

Hand Weapons
 a - a +0 trident
 l - a +2 trident (weapon)
Missiles
 d - 3 throwing nets (quivered)
 e - a large rock
 n - 10 stones
Armour
 b - a +0 robe (worn)
 c - a +0 hat (worn)
Scrolls
 k - a scroll of blinking
 o - 2 scrolls of vulnerability
 p - 5 scrolls of amnesia
 q - a scroll of summoning
Potions
 f - 6 potions of curing
 g - 6 potions of heal wounds
 h - a potion of haste
 i - 4 potions of magic
 j - 3 potions of berserk rage
 m - 2 potions of invisibility


   Skills:
 + Level 10.8 Fighting
 + Level 8.5 Polearms
 + Level 8.2 Throwing
 + Level 7.8 Dodging


You had 6 spell levels left.
You didn't know any spells.
Your spell library was empty.

Dungeon Overview and Level Annotations

Branches:
Dungeon (1/1)

Altars:
Ashenzari
Cheibriados
Dithmenos
Elyvilon
Fedhas
Gozag
Hepliaklqana
Kikubaaqudgha
Makhleb
Nemelex Xobeh
Okawaru
Qazlal
Ru
Sif Muna
Trog
Uskayaw
Vehumet
Wu Jian
Xom
Yredelemnul
Zin
The Shining One
Jiyva
Lugonu


Innate Abilities, Weirdness & Mutations

You are too large for most types of armour.
You have tough skin. (AC +1)


Message History

You are too injured to fight recklessly!
You are too injured to fight recklessly!
You are too injured to fight recklessly!
You are too injured to fight recklessly!
You are too injured to fight recklessly!
You are too injured to fight recklessly!
You are too injured to fight recklessly!
You are too injured to fight recklessly!
You are too injured to fight recklessly!
You are too injured to fight recklessly!
You closely miss the wight.
The wight is almost destroyed.
The wight barely misses you. You block the wight's attack.
You barely miss the wight.
The wight is almost destroyed.
You hit the wight.
You destroy the wight!
Qazlal accepts your kill. The wight barely misses you.
Your life force feels restored.
The wight hits you with a +2 halberd!
* * * LOW HITPOINT WARNING * * *
The wight hits you from afar with a +0 halberd.
* * * LOW HITPOINT WARNING * * *
There is an open door, spattered with blood here.
Things that are here:
a +1 short sword of freezing; a +0 robe Unknown command.
The wight hits you from afar with a +2 halberd!
* * * LOW HITPOINT WARNING * * *
Unknown command.
Unknown command.
There is an open door here.
Reach: l) +2 trident
Press: ? - help, Dir - move target, f - wight
Aim: a wight, wielding a +2 halberd and wearing a +0 robe (about 33% to evade your +2 trident)
You reach to attack!
You hit the wight.
The wight is lightly damaged.
The wight hits you from afar with a +2 halberd!
You die...

#.#...)))[.##.......#
#.#...)))[.##.......#
#)###########.......#
#.......#.. #########
#...#...#l#
#...#...#z#
#.##.##.#z#
#...#...#.+
#...#...#@#
#.......'.#
###########


You could see 2 wights and a frilled lizard.

Vanquished Creatures
  A guardian mummy (D)
  A floating eye (D)
  A kobold brigand (D)
  A bullfrog (D)
  A scorpion (D)
  A wight (D)
  An orc wizard (D)
  An adder (D)
  2 gnolls (D)
  An adder zombie (D)
  An adder skeleton (D)
  A worm (D)
  5 orcs (D)
  An endoplasm (D)
  A goblin (D)
  A kobold (D)
  2 rats (D)
23 creatures vanquished.

Notes
Turn   | Place    | Note
-------+----------+-------------------------------------------
     0 | D        | sircluck the Ogre Gladiator began the quest for the Orb.
     0 | D        | Reached XP level 1. HP: 22/22 MP: 1/1
    17 | D        | Reached skill level 3 in Fighting
    17 | D        | Reached XP level 2. HP: 10/32 MP: 2/2
    21 | D        | Found a bloodstained altar of Trog.
    21 | D        | Found a shimmering blue altar of Sif Muna.
    21 | D        | Found a viscous altar of Jiyva.
    21 | D        | Found a hazy altar of Hepliaklqana.
    21 | D        | Found an opulent altar of Gozag.
    22 | D        | Found a glowing golden altar of the Shining One.
    22 | D        | Found a glowing silver altar of Zin.
    22 | D        | Found a basalt altar of Yredelemnul.
    22 | D        | Found a shimmering altar of Xom.
    22 | D        | Found an ornate altar of the Wu Jian Council.
    22 | D        | Found a sacrificial altar of Ru.
    22 | D        | Found a stormy altar of Qazlal.
    22 | D        | Found an iron altar of Okawaru.
    22 | D        | Found a sparkling altar of Nemelex Xobeh.
    22 | D        | Found a burning altar of Makhleb.
    22 | D        | Found a blossoming altar of Fedhas.
    22 | D        | Found a white marble altar of Elyvilon.
    22 | D        | Found a shadowy altar of Dithmenos.
    22 | D        | Found a snail-covered altar of Cheibriados.
    24 | D        | Found a radiant altar of Vehumet.
    24 | D        | Found a corrupted altar of Lugonu.
    25 | D        | Found a hide-covered altar of Uskayaw.
    25 | D        | Found an ancient bone altar of Kikubaaqudgha.
    25 | D        | Found a broken altar of Ashenzari.
    29 | D        | Became a worshipper of Qazlal Stormbringer
   146 | D        | Reached skill level 4 in Fighting
   160 | D        | Reached * piety under Qazlal
   179 | D        | Noticed a scorpion
   184 | D        | Killed a scorpion
   184 | D        | Reached ** piety under Qazlal
   185 | D        | Reached skill level 5 in Fighting
   185 | D        | Reached skill level 5 in Polearms
   185 | D        | Reached XP level 3. HP: 30/44 MP: 3/3
   185 | D        | Reached XP level 4. HP: 35/52 MP: 4/4
   190 | D        | Reached skill level 6 in Fighting
   342 | D        | Noticed a bullfrog
   364 | D        | Reached *** piety under Qazlal
   371 | D        | Reached skill level 5 in Throwing
   371 | D        | Reached skill level 5 in Dodging
   371 | D        | Reached XP level 5. HP: 53/61 MP: 5/5
   376 | D        | Reached **** piety under Qazlal
   394 | D        | HP: 1/61 [bullfrog (3)]
   396 | D        | Reached skill level 7 in Fighting
   540 | D        | Reached skill level 8 in Fighting
   607 | D        | Noticed a kobold brigand
   615 | D        | Killed a kobold brigand
   615 | D        | Reached ***** piety under Qazlal
   616 | D        | Reached XP level 6. HP: 69/74 MP: 6/6
   641 | D        | Noticed a floating eye
   645 | D        | Killed a floating eye
   646 | D        | Reached skill level 9 in Fighting
   647 | D        | Noticed a guardian mummy
   666 | D        | Killed a guardian mummy
   667 | D        | Reached skill level 10 in Fighting
   667 | D        | Reached XP level 7. HP: 24/87 MP: 7/7
   969 | D        | Slain by a wight

Illustrated notes

Levels and vault maps discovered:
D:        pitsprint [storerooms_1, entrance_room_1, metal_vault_2, armoury_2,
          mini_pit_1, grid_room_1, main_hall_1, silver_pit, the_coven_1,
          the_vestibule_1, steel_vault_5, golden_pit, hallway_of_sentries,
          crystal_vault_1, iron_vault_1, final_vault]

Skill      XL: |  1  2  3  4  5  6 |
---------------+-------------------+-----
Fighting       | 3 5 6 8 10 | 10.8
Dodging        | 3 4 5 6 7 |  7.8
Throwing       | 4 5 6 8 |  8.2
Polearms       | 5 6 8 |  8.5

Action                     |  1- 3 |  4- 6 |  7- 9 || total
---------------------------+-------+-------+-------++-------
  Melee: Trident           |    28 |    77 |    13 ||   118
         Punch             |     1 |       |       ||     1
 Armour: Robe              |    22 |    34 |     7 ||    63
  Dodge: Dodged            |     5 |    22 |     9 ||    36
  Block: Other             |       |    11 |     5 ||    16

Table legend: (Time is in decaauts)
 A = Elapsed time spent in this place.
 B = Non-inter-level travel time spent in this place.
 C = Inter-level travel time spent in this place.
 D = Time resting spent in this place.
 E = Time spent auto-exploring this place.
 F = Levels seen in this place.
 G = Mean time per level.
                   A        B        C        D        E       F      G
               +--------+--------+--------+--------+--------+-----+--------+
         Total |    970 |    951 |     19 |    483 |    257 |   1 |  970.0 |
       Dungeon |    970 |    951 |     19 |    483 |    257 |   1 |  970.0 |
               +--------+--------+--------+--------+--------+-----+--------+

Top non-repeatable levels by time:
       D: 970 daAuts
